 Dungeon Crawl Stone Soup version 0.29.1-15-g9cfb28693d (webtiles) character file.

Game seed: 13650564730311118271

31136 IcyS the Basher (level 13, 0/84 HPs)
             Began as a Gargoyle Fighter on Mar 11, 2023.
             Was the Champion of Okawaru.
             Slain by a death yak (2 damage)
             ... on level 4 of the Lair of Beasts.
             The game lasted 00:30:21 (18560 turns).

IcyS the Basher (Gargoyle Fighter)                 Turns: 18560, Time: 00:30:22

Health: 0/84       AC: 34    Str: 29    XL:     13   Next: 56%
Magic:  0/17       EV:  9    Int: 14    God:    Okawaru [******]
Gold:   839        SH:  0    Dex: 10    Spells: 12/12 levels left

rFire   + + .      SeeInvis .   T - +7 great mace "Firestarter" {inner flame, rF++}
rCold   . . .      Faith    .   (shield currently unavailable)
rNeg    + . .      Spirit   +   y - +10 chain mail "Zestop" {rPois Str+3 Dex-2}
rPois   ∞          Reflect  .   C - +0 helmet
rElec   +          Harm     .   (no cloak)
rCorr   .          Rampage  .   (no gloves)
Will    +++..                   N - +0 pair of boots of Beyond {Dex+3}
Stlth   ..........              o - amulet of guardian spirit
HPRegen 0.24/turn               G - +4 ring of slaying
MPRegen 0.15/turn               M - ring of the Scavenger {rPois Will+++ Int+6 Slay+3 Stlth-}

@: no status effects
A: sickness immunity, AC +9, negative energy resistance 1, electricity
resistance, torment resistance 1, petrification resistance
a: Renounce Religion, Heroism, Finesse, Duel


You were on level 4 of the Lair of Beasts.
You worshipped Okawaru.
Okawaru was exalted by your worship.
You visited 2 branches of the dungeon, and saw 15 of its levels.
You also visited: Bailey and Gauntlet.

You collected 839 gold pieces.

Inventory:

Hand Weapons
 T - the +7 great mace "Firestarter" (weapon) {inner flame, rF++}
   (Okawaru gifted it to you on level 2 of the Lair of Beasts)

   It burns those it strikes, dealing additional fire damage.
   It fills those it strikes with an explosive inner flame.
   It grants immunity to clouds of flame.
   rF:        It greatly protects you from fire.
 U - a +1 demon whip of electrocution
Missiles
 l - 144 stones (quivered)
Armour
 c - a +0 buckler
 y - the +10 chain mail "Zestop" (worn) {rPois Str+3 Dex-2}
   (You found it on level 5 of the Dungeon)

   Str:       It affects your strength (+3).
   Dex:       It affects your dexterity (-2).
   rPois:     It protects you from poison.
 C - a +0 helmet (worn)
 N - the +0 pair of boots of Beyond (worn) {Dex+3}
   (You found it in a Gauntlet)

   Dex:       It affects your dexterity (+3).
Jewellery
 h - the amulet "Rumioron" {Acrobat Rampage *Corrode Int+3}
   (You found it in a Gauntlet)

   [amulet of the acrobat]

   It increases your evasion while moving and waiting.
   Int:       It affects your intelligence (+3).
   *Corrode:  It may corrode you when you take damage.
   Rampage:   It bestows one free step when moving towards enemies.
 j - a ring of ice
 k - a +4 ring of slaying
 n - the ring "Itoss" {+Blink Will+ rCorr Dex+4 Stlth-}
   (You found it on level 3 of the Lair of Beasts)

   [ring of willpower]

   Dex:       It affects your dexterity (+4).
   +Blink:    It lets you blink.
   rCorr:     It protects you from acid and corrosion.
   Will:      It increases your willpower.
   Stlth:     It makes you less stealthy.
 o - an amulet of guardian spirit (around neck)
 p - a ring of fire
 A - the ring "Taecief" {Str+6 Dex+2 Stlth+}
   (You found it in a bailey)

   [ring of strength]

   Str:       It affects your strength (+6).
   Dex:       It affects your dexterity (+2).
   Stlth:     It makes you more stealthy.
 G - a +4 ring of slaying (left hand)
 J - a +6 ring of intelligence
 M - the ring of the Scavenger (right hand) {rPois Will+++ Int+6 Slay+3 Stlth-}
   (You found it in a Gauntlet)

   [ring of intelligence]

   Int:       It affects your intelligence (+6).
   Slay:      It affects your accuracy & damage with ranged weapons and melee
   (+3).
   rPois:     It protects you from poison.
   Will:      It greatly increases your willpower.
   Stlth:     It makes you less stealthy.
 P - a +4 ring of evasion
Wands
 b - a wand of acid (47)
 B - a wand of paralysis (15)
 E - a wand of polymorph (5)
 R - a wand of flame (21)
 S - a wand of roots (8)
Scrolls
 e - 12 scrolls of identify
 g - a scroll of summoning
 s - 2 scrolls of fear
 t - a scroll of noise
 u - 3 scrolls of vulnerability
 F - a scroll of brand weapon
 O - 2 scrolls of magic mapping
 Q - a scroll of teleportation
Potions
 a - 3 potions of magic
 d - 4 potions of might
 f - 4 potions of curing
 i - 2 potions of resistance
 m - 3 potions of invisibility
 q - a potion of berserk rage {unknown}
 r - 5 potions of lignification
 v - 3 potions of brilliance {unknown}
 w - a potion of haste {unknown}
 x - 5 potions of heal wounds {unknown}
 z - 4 potions of flight {unknown}
 D - a potion of cancellation {unknown}
 K - 2 potions of ambrosia {unknown}
Miscellaneous
 L - a tin of tremorstones (2/2)


   Skills:
 + Level 11.3 Fighting
 * Level 14.1 Maces & Flails
 + Level 11.4 Armour
 + Level 11.4 Shields
 + Level 6.4 Invocations


You had 12 spell levels left.
You didn't know any spells.
Your spell library contained the following spells:

 Spells                   Type           Power      Damage    Failure   Level
 Magic Dart               Conj           0%         1d3       73%         1
 Mephitic Cloud           Conj/Pois/Air  0%         N/A       97%         3
 Stone Arrow              Conj/Erth      0%         3d7       97%         3
 Fulminant Prism          Conj/Hex       0%         3d6       100%        4
 Hailstorm                Conj/Ice       0%         3d3       100%        4
 Ice Form                 Ice/Tmut       0%         N/A       100%        4
 Iskenderun's Mystic Bla  Conj/Tloc      0%         2d3       100%        4
 Lee's Rapid Deconstruct  Erth           0%         3d5*      100%        5
 Lehudib's Crystal Spear  Conj/Erth      0%         10d2      100%        8
 Call Imp                 Summ           Unusable   N/A       N/A         2
 Animate Armour           Summ/Erth      Unusable   N/A       N/A         4
 Simulacrum               Ice/Necr       Unusable   N/A       N/A         6

Dungeon Overview and Level Annotations

Branches:
Dungeon (11/15)            Temple (0/1) D:6            Lair (4/5) D:8
 Shoals (0/4) Lair:3        Snake (0/4) Lair:3        Slime (0/5) Lair:4
 Bailey (visited)         Gauntlet (visited)
    Orc: D:9-12

Altars:
Cheibriados
Dithmenos
Fedhas
Gozag
Okawaru
Qazlal
Trog
Uskayaw
Vehumet
Xom
Yredelemnul
Zin
Jiyva
Lugonu

Shops:
D:6 (

Annotations:
D:2 Sigmund
D:4 2 transporters, aeroqp's ghost, amateur NaTm
D:5 1 runed translucent door, burchardtist's ghost, novice TrFi
D:9 1 runed translucent door
Lair:3 3 runed translucent doors, Inglan's ghost, journeyman DEEE


Innate Abilities, Weirdness & Mutations

You are immune to sickness and miasma.
Your stone body is resilient. (AC +9)
You are immune to poison.
You resist negative energy. (rN+)
You are resistant to electric shocks. (rElec)
You are resistant to unholy torment.
You are immune to petrification.


Message History

There is a stone staircase leading down here.
There is an open door here.
A yak is nearby!
The death yak bellows!
The yak bellows!
You hear a bellow!
The death yak bellows! x2
The death yak bellows!
You sock the death yak! You burn the death yak.
The death yak is filled with an inner flame.
The death yak is lightly wounded.
The death yak gores you! The death yak attacks as you move away!
The death yak gores you! The death yak attacks as you move away!
The death yak misses you. The death yak attacks as you move away!
The death yak gores you but does no damage.
The death yak attacks as you move away! The death yak gores you.
The death yak gores you but does no damage.
The death yak attacks as you move away! The death yak gores you.
The death yak attacks as you move away! The death yak barely misses you.
The death yak attacks as you move away! The death yak gores you!
The death yak's inner flame fades away.
The death yak gores the bush!
The death yak attacks as you move away! The death yak gores you.
The death yak attacks as you move away! The death yak gores you!!
You are too injured to fight recklessly!
The death yak attacks as you move away! The death yak barely misses you.
The death yak attacks as you move away!
The death yak gores you but does no damage.
The death yak attacks as you move away!
The death yak gores you but does no damage.
The death yak attacks as you move away! The death yak gores you.
The death yak attacks as you move away! The death yak gores you.
The death yak attacks as you move away! The death yak gores you!
* * * LOW HITPOINT WARNING * * *
The death yak attacks as you move away! The death yak gores you!
* * * LOW HITPOINT WARNING * * *
The death yak barely misses you. The death yak attacks as you move away!
The death yak gores you!
* * * LOW HITPOINT WARNING * * *
The death yak attacks as you move away! The death yak closely misses you.
The death yak attacks as you move away! The death yak gores you.
You die...

##* ### #####*** ##
#.#####.#####.#.##P###########.
*#......YYY.YY@................
#.............##...##.#.......
##..#...#.##...#**,.#*##....#.#
#....#.######...#*,,*P#.....###
#...P...##,*P......,...#.....##
##........###...#P....,##...###
#..###....#*#..#####,**##...##.
##..###..#.##..#***,,,,#[....##
#.####P.###....,,,*..##P...##


You could see 4 death yaks and a yak.

Vanquished Creatures
  A minotaur (Gauntlet)
  A catoblepas (Lair:1)
  A ghost crab (Gauntlet)
  A hydra (Lair:4)
  Harold (D:10)
  Erica (Lair:1)
  A death yak (Lair:3)
  A necromancer (Lair:3)
  10 elephants
  5 black mambas (Lair:3)
  A torpor snail (Gauntlet)
  5 cane toads
  A gargoyle (Bailey)
  A rime drake (Lair:4)
  An efreet (Gauntlet)
  3 kobold demonologists (D:10)
  A minotaur zombie (Gauntlet)
  A troll (D:9)
  4 komodo dragons
  A hornet (D:9)
  17 blink frogs
  5 dream sheep
  A vampire (Bailey)
  A wyvern (D:10)
  4 basilisks
  3 fire elementals (Gauntlet)
  30 yaks
  3 wargs
  16 water moccasins
  3 hell hounds (Gauntlet)
  A black bear (D:4)
  3 orc warriors
  2 sky beasts (D:7)
  2 ogres (D:5)
  A centaur (D:7)
  2 phantoms
  7 bullfrogs
  3 kobold brigands
  2 gnoll sergeants
  A necrophage (D:4)
  3 scorpions
  10 wights
  5 killer bees (D:7)
  8 vampire bats (Bailey)
  An electric eel (Lair:2)
  A howler monkey (D:9)
  7 wolf zombies (Bailey)
  5 hounds
  6 orc priests
  A jelly (D:8)
  Terence (D:2)
  3 iguanas
  10 orc wizards
  3 polar bear simulacra (Lair:3)
  4 yak simulacra (Lair:3)
  2 wolf simulacra (Lair:3)
  4 gnolls (D:10)
  18 adders
  A white imp (D:5)
  An ufetubus (D:3)
  2 worms
  4 dart slugs
  53 orcs
  6 bats
  6 endoplasms
  4 giant cockroaches (D:1)
  6 hobgoblins
  6 quokkas
  5 ball pythons
  3 goblins
  21 kobolds
  20 orc zombies (Bailey)
  4 rats
  2 river rat simulacra (Lair:3)
  A butterfly (Lair:4)
386 creatures vanquished.

Vanquished Creatures (collateral kills)
  A worm zombie (D:4)
  A hobgoblin (D:4)
  A kobold zombie (D:4)
3 creatures vanquished.

Vanquished Creatures (others)
  22 fungi
  30 plants
  19 withered plants
71 creatures vanquished.

Grand Total: 460 creatures vanquished

Notes
Turn   | Place    | Note
-------+----------+-------------------------------------------
     0 | D:1      | IcyS the Gargoyle Fighter began the quest for the Orb.
     0 | D:1      | Reached XP level 1. HP: 14/14 MP: 1/1
   279 | D:1      | Reached XP level 2. HP: 19/19 MP: 2/2
   367 | D:1      | Found a faded altar of an unknown god.
   714 | D:2      | Noticed Sigmund
   715 | D:2      | Noticed Terence
  1058 | D:2      | Reached XP level 3. HP: 23/23 MP: 3/3
  1341 | D:2      | Killed Terence
  1342 | D:2      | Reached skill level 3 in Maces & Flails
  1435 | D:2      | Reached XP level 4. HP: 26/29 MP: 4/4
  1595 | D:2      | You fall into a shaft and drop 2 floors!
  1971 | D:4      | Noticed a black bear
  1980 | D:4      | Killed a black bear
  1981 | D:4      | Reached XP level 5. HP: 27/33 MP: 3/5
  2044 | D:4      | Reached skill level 4 in Maces & Flails
  2127 | D:4      | Reached XP level 6. HP: 37/39 MP: 6/6
  2493 | D:4      | Found a transporter.
  2498 | D:4      | Noticed a small abomination
  2505 | D:4      | Found a transporter.
  2527 | D:4      | Noticed a small abomination
  2540 | D:4      | Noticed aeroqp's ghost (amateur NaTm)
  2783 | D:4      | Reached XP level 7. HP: 39/44 MP: 5/7
  3129 | D:5      | Entered Level 5 of the Dungeon
  3330 | D:3      | Found an iron altar of Okawaru.
  3332 | D:3      | Found a shimmering altar of Xom.
  3336 | D:3      | Found a basalt altar of Yredelemnul.
  3338 | D:3      | Found a blossoming altar of Fedhas.
  3340 | D:3      | Found a bloodstained altar of Trog.
  3342 | D:3      | Found a stormy altar of Qazlal.
  3452 | D:3      | Became a worshipper of Warmaster Okawaru
  3739 | D:5      | Identified the +10 chain mail "Zestop" {rPois Str+3 Dex-2}
  3789 | D:5      | Found a shadowy altar of Dithmenos.
  3838 | D:5      | Reached skill level 5 in Maces & Flails
  4120 | D:5      | Reached skill level 5 in Fighting
  4120 | D:5      | Reached skill level 5 in Shields
  4299 | D:5      | Found a radiant altar of Vehumet.
  4512 | D:5      | Reached skill level 5 in Armour
  4619 | D:5      | Found a runed translucent door.
  4619 | D:5      | Noticed burchardtist's ghost (novice TrFi)
  5009 | D:5      | Reached XP level 8. HP: 6/50 MP: 3/8
  5346 | D:6      | Reached skill level 6 in Maces & Flails
  5424 | D:6      | Found Zasythra's Antique Weapon Boutique.
  5682 | D:6      | Reached * piety under Okawaru
  5753 | D:6      | Found a snail-covered altar of Cheibriados.
  5896 | D:6      | Identified the +1 plate armour "Miecemug" {Str+4}
  6006 | D:6      | Found a staircase to the Ecumenical Temple.
  6434 | D:7      | Found a hide-covered altar of Uskayaw.
  6555 | D:7      | Found an opulent altar of Gozag.
  6613 | D:7      | Reached skill level 7 in Maces & Flails
  6639 | D:7      | Reached XP level 9. HP: 56/56 MP: 9/9
  6997 | D:7      | Reached ** piety under Okawaru
  7235 | D:7      | Reached skill level 8 in Maces & Flails
  7630 | D:8      | Found a staircase to the Lair.
  7730 | D:7      | Reached *** piety under Okawaru
  8284 | D:8      | Reached skill level 9 in Maces & Flails
  8284 | D:8      | Reached XP level 10. HP: 61/63 MP: 10/10
  9357 | D:9      | Reached **** piety under Okawaru
 10377 | D:9      | Reached skill level 10 in Maces & Flails
 10870 | D:9      | Found a runed translucent door.
 10894 | D:9      | Noticed a tengu warrior
 11234 | D:10     | Entered Level 10 of the Dungeon
 11522 | D:10     | Noticed Harold
 11562 | D:10     | Killed Harold
 11562 | D:10     | Reached ***** piety under Okawaru
 11563 | D:10     | Reached XP level 11. HP: 53/69 MP: 11/11
 11731 | D:10     | Found a flagged portal.
 11849 | Bailey   | Entered a bailey
 12125 | Bailey   | Identified the ring "Taecief" {Str+6 Dex+2 Stlth+}
 12339 | Bailey   | Reached skill level 11 in Maces & Flails
 12551 | D:10     | Found a corrupted altar of Lugonu.
 12935 | Lair:1   | Entered Level 1 of the Lair of Beasts
 12942 | Lair:1   | Noticed Erica
 12954 | Lair:1   | Killed Erica
 12954 | Lair:1   | Received a gift from Okawaru
 13003 | Lair:1   | Found a glowing silver altar of Zin.
 13059 | Lair:1   | Found a gate leading to a gauntlet.
 13102 | Lair:1   | Reached skill level 1 in Invocations
 13107 | Gauntlet | Entered a Gauntlet
 13107 | Gauntlet | Found a transporter.
 13107 | Gauntlet | Found a transporter.
 13146 | Gauntlet | Noticed a shining eye
 13160 | Gauntlet | Found a transporter.
 13160 | Gauntlet | Found a transporter.
 13166 | Gauntlet | Noticed a necromancer
 13171 | Gauntlet | Found a transporter.
 13177 | Gauntlet | Noticed a death yak
 13177 | Gauntlet | Noticed a death yak
 13178 | Gauntlet | Noticed a death yak
 13178 | Gauntlet | Noticed a death yak
 13180 | Gauntlet | Found a transporter.
 13181 | Gauntlet | Noticed a ghost crab
 13188 | Gauntlet | Found a transporter.
 13188 | Gauntlet | Found a transporter.
 13190 | Gauntlet | Noticed an entropy weaver
 13190 | Gauntlet | Noticed a wolf spider
 13192 | Gauntlet | Found a transporter.
 13219 | Gauntlet | Found a transporter.
 13228 | Gauntlet | Found a transporter.
 13228 | Gauntlet | Noticed a blizzard demon
 13248 | Gauntlet | Found a transporter.
 13294 | Gauntlet | Found a transporter.
 13310 | Gauntlet | Found a transporter.
 13412 | Gauntlet | Found a transporter.
 13425 | Gauntlet | Noticed an orange crystal statue
 13426 | Gauntlet | Found a transporter.
 13575 | Gauntlet | Identified the ring of the Scavenger {rPois Will+++ Int+6
                  | Slay+3 Stlth-}
 13581 | Gauntlet | Identified the +0 pair of boots of Beyond {Dex+3}
 13586 | Gauntlet | Killed a ghost crab
 13704 | Gauntlet | Reached skill level 12 in Maces & Flails
 13961 | Gauntlet | Identified the amulet "Rumioron" {Acrobat Rampage *Corrode
                  | Int+3}
 13982 | Gauntlet | Identified the +6 executioner's axe "Kuipuam" {flame, Will+
                  | Int+3}
 13982 | Gauntlet | Noticed a minotaur
 13995 | Gauntlet | Killed a minotaur
 13995 | Gauntlet | Received a gift from Okawaru
 13996 | Gauntlet | Reached XP level 12. HP: 50/77 MP: 6/14
 14007 | Gauntlet | Reached skill level 10 in Armour
 14284 | Lair:1   | Noticed a catoblepas
 14294 | Lair:1   | Killed a catoblepas
 14295 | Lair:1   | Reached skill level 10 in Fighting
 14295 | Lair:1   | Reached skill level 10 in Shields
 14905 | Lair:2   | Received a gift from Okawaru
 14905 | Lair:2   | Found the +7 great mace "Firestarter" {inner flame, rF++}
 15457 | Lair:3   | Reached skill level 13 in Maces & Flails
 15472 | Lair:3   | Found a staircase to the Shoals.
 15538 | Lair:3   | Reached skill level 5 in Invocations
 15566 | Lair:2   | Reached ****** piety under Okawaru
 15661 | Lair:3   | Received a gift from Okawaru
 15662 | Lair:3   | Reached XP level 13. HP: 84/84 MP: 16/16
 15995 | Lair:3   | Found a staircase to the Snake Pit.
 16014 | Lair:3   | Found a runed translucent gate.
 16014 | Lair:3   | Found a runed translucent gate.
 16016 | Lair:3   | Found a runed translucent gate.
 16458 | Lair:3   | Identified the ring "Itoss" {+Blink Will+ rCorr Dex+4
                  | Stlth-}
 16567 | Lair:3   | Noticed Inglan's ghost (journeyman DEEE)
 16778 | Lair:3   | Found a viscous altar of Jiyva.
 16816 | Lair:4   | Found a viscous altar of Jiyva.
 16816 | Lair:4   | Found a staircase to the Slime Pits.
 16947 | Lair:4   | Received a gift from Okawaru
 17361 | Lair:4   | Reached skill level 14 in Maces & Flails
 18173 | Lair:4   | Found a staircase to the Slime Pits.
 18174 | Lair:4   | Found a viscous altar of Jiyva.
 18318 | Lair:4   | Received a gift from Okawaru
 18318 | Lair:4   | Found the +0 pair of fencer's gloves {Riposte Dex+3}
 18553 | Lair:4   | HP: 1/84 [death yak (8)]
 18560 | Lair:4   | Slain by a death yak

Illustrated notes

Levels and vault maps discovered:
D:1:      dpeg_arrival_rooms_c, layout_basic,
          hellmonk_ecumenical_altar_arch_garden, minmay_misc_feat_tiny
D:2:      layout_loops_ring, uniq_crazy_yiuf_cottage, uniq_sigmund, uniq_terence
D:3:      layout_basic, minitemple
D:4:      layout_layer_cave, gammafunk_ghost_abyssal_escape, enter_ossuary_3
D:5:      layout_basic, lemuel_round_altar, lemuel_crystal_altar,
          gammafunk_ghost_grave, kennysheep_flooded_box,
          kennysheep_generic_room_4
D:6:      layout_loops_corners, kennysheep_slug_shrine,
          minmay_temple_entry_nine_rooms, serial_shops, shop,
          grunt_ministairs_13
D:7:      layout_basic, mainiacjoe_overflow_catwalk_spiral
D:8:      layout_layer_cave, erik_lair_orcish_takeover
D:9:      minmay_the_grid_four_pointed_star_mashed
          [minmay_the_grid_triangle_9x9_warning,
          minmay_the_grid_triangle_9x9_thin_v,
          minmay_the_grid_triangle_9x9_limited_checkers,
          minmay_the_grid_triangle_9x9_fully_insulated_deathbox,
          minmay_the_grid_prize_diamond_cup], layout_layer_cave,
          hangedman_abyss_or_decor_passed
D:10:     kennysheep_kobold_lugonu_temple, layout_loops_ring, enter_bailey_8,
          uniq_harold
D:11:     layout_basic, orc_0_dummy
Lair:1:   layout_cave_shapes, basic_altar, gauntlet_entry_generic, uniq_erica
Lair:2:   layout_gridlike, serial_bayou_ford_a, cheibrodos_lair_reptile_den,
          grunt_megastairs_2, serial_bayou_shore_b
Lair:3:   layout_cellular_growth, shoals_dummy_entry,
          minmay_snake_entry_six_corridors, gammafunk_ghost_ooze,
          eino_house_with_fridge, grunt_megastairs_4
Lair:4:   layout_regular_city, slime_entry_1, lemuel_fruit_fields,
          lemuel_fruit_fields, serial_bayou_shore_b

Skill      XL: |  1  2  3  4  5  6  7  8  9 10 11 12 13 |
---------------+----------------------------------------+-----
Maces & Flails | 3 4 5 7 9 10 12 13 14 | 14.1
Fighting       | 4 5 6 7 8 9 10 11 | 11.3
Armour         | 4 5 6 7 8 9 10 11 | 11.4
Shields        | 4 5 6 7 8 9 10 11 | 11.4
Invocations    | 2 5 6 |  6.4

Action                   |  1- 3 |  4- 6 |  7- 9 | 10-12 | 13-15 || total
-------------------------+-------+-------+-------+-------+-------++-------
Melee: Flail             |    90 |   103 |   148 |       |       ||   341
       Morningstar       |       |       |   134 |       |       ||   134
       Mace              |       |       |   116 |   607 |    17 ||   740
       Demon whip        |       |       |       |       |    97 ||    97
       Great mace        |       |       |       |       |    40 ||    40
       Punch             |       |       |       |       |     2 ||     2
Throw: Throwing net      |       |       |       |     3 |       ||     3
       Stone             |       |       |       |     2 |       ||     2
  Use: Scroll            |     3 |     1 |     5 |     8 |     1 ||    18
       Potion            |       |       |       |     4 |       ||     4
 Stab: Distracted        |       |     1 |       |       |       ||     1
       Invisible         |       |       |       |     5 |       ||     5
       Held in net/web   |       |       |       |     1 |       ||     1
Armor: Scale mail        |    45 |       |       |       |       ||    45
       Chain mail        |     4 |    78 |   332 |   503 |    92 ||  1009
       Skin              |       |       |       |     9 |       ||     9
Dodge: Dodged            |    55 |    42 |   185 |   216 |    57 ||   555
Block: Buckler           |    15 |    23 |   104 |   165 |     8 ||   315
